Map: Proxima Station LE

Players

Fropez

  • Race: Protoss Protoss
  • League: Gold
  • Spawn Location: 7:00

Massive - Winner!

  • Race: Protoss Protoss
  • Spawn Location: 1:00

VOD

Have the link to the VOD?

Description

Time

  • Played on: Jan. 24, 2017, 5:51 p.m.
  • Length: 10:57
Show
View Real Time Build Order
Export as new Build Order

Fropez Protoss 

Build Orders: 1 Gate Expand 

Get SALT Encoding   

  12  0:01  Probe (Chrono Boost)  
  13  0:12  Probe (Chrono Boost)  
  14  0:33  Probe (Chrono Boost)  
  14  0:35  Pylon  
  15  0:53  Probe (Chrono Boost)  
  15  0:56  Gateway  
  16  1:10  Nexus  
  16  1:12  Probe (Chrono Boost)  
  17  1:18  Assimilator  
  17  1:25  Probe (Chrono Boost)  
  18  1:36  Probe (Chrono Boost)  
  19  1:49  Cybernetics Core  
  19  1:54  Pylon, Probe (Chrono Boost)  
  19  2:00  Assimilator  
  20  2:05  Probe (Chrono Boost)  
  20  2:06  Pylon  
  22  2:15  Probe (Chrono Boost)  
  22  2:18  Gateway  
  22  2:26  Probe (Chrono Boost)  
  22  2:28  Mothership Core (Chrono Boost)  
  25  2:36  Assimilator  
  25  2:38  Adept  
  25  2:41  Probe (Chrono Boost)  
  28  2:45  Warp Gate  
  28  2:47  Probe (Chrono Boost)  
  29  2:54  Probe (Chrono Boost)  
  30  3:01  Probe (Chrono Boost)  
  31  3:06  Pylon, Probe (Chrono Boost)  
  31  3:07  Adept  
  34  3:14  Adept  
  36  3:22  Pylon  
  36  3:23  Probe (Chrono Boost)  
  37  3:34  Robotics Facility  
  37  3:35  Probe (Chrono Boost)  
  38  3:51  Probe (Chrono Boost)  
  38  3:53  Probe (Chrono Boost)  
  38  3:54  Adept x2  
  44  4:01  Twilight Council  
  44  4:02  Probe (Chrono Boost)  
  43  4:10  Gateway  
  43  4:12  Probe (Chrono Boost)  
  44  4:19  Probe (Chrono Boost)  
  44  4:24  Warp Prism, Probe (Chrono Boost)  
  43  4:42  Pylon  
  40  4:52  Stalker x2  
  43  4:54  Probe (Chrono Boost)  
  43  4:56  Probe (Chrono Boost)  
  43  4:57  Resonating Glaives  
  45  5:09  Stalker  
  45  5:27  Probe x2 (Chrono Boost)  
  47  5:33  Stalker x2  
  51  5:40  Assimilator  
  51  5:43  Stalker  
  51  5:48  Probe (Chrono Boost)  
  54  6:00  Adept x2  
  58  6:16  Stalker  
  60  6:24  Adept x2  
  64  6:38  Dark Shrine  
  64  6:39  Gateway  
  64  6:42  Gateway  
  56  6:54  Adept x3  
  56  6:58  Probe x2 (Chrono Boost)  
  56  7:00  Pylon  
  64  7:03  Observer  
  62  7:19  Probe x2 (Chrono Boost)  
  64  7:24  Adept  
  64  7:25  Adept x2  
  70  7:33  Pylon  
  70  7:36  Probe x2 (Chrono Boost)  
  72  7:39  Pylon  
  72  7:41  Observer  
  73  7:49  Adept x4  
  73  7:50  Adept  
  85  8:14  Dark Templar x2  
  85  8:15  Gateway x2  
  85  8:17  Dark Templar  
  85  8:19  Dark Templar  
  67  8:59  Observer  
  67  9:00  Adept  
  67  9:01  Adept x3  
  70  9:03  Nexus  
  70  9:06  Assimilator  
  70  9:08  Assimilator  
  66  9:11  Pylon  
  66  9:22  Stalker x2  
  66  9:23  Stalker x2  
  62  9:34  Stalker x2  
  54  9:45  Stalker  
  54  9:54  Dark Templar x3  
  54  9:58  Archon  
  60  10:06  Probe (Chrono Boost)  
  62  10:07  Probe (Chrono Boost)  
  62  10:18  Probe (Chrono Boost)  
  62  10:19  Probe (Chrono Boost)  
  64  10:34  Dark Templar x2  
  65  10:38  Archon  
  65  10:49  Stalker  
Show
View Real Time Build Order
Export as new Build Order

Massive Protoss - Winner!

Build Orders: Oracle Opening 

Get SALT Encoding   

  12  0:05  Probe (Chrono Boost)  
  13  0:16  Probe (Chrono Boost)  
  13  0:21  Pylon  
  14  0:26  Probe (Chrono Boost)  
  15  0:39  Probe (Chrono Boost)  
  15  0:40  Gateway  
  16  0:49  Assimilator  
  17  0:50  Probe (Chrono Boost)  
  17  0:55  Assimilator  
  17  1:00  Probe (Chrono Boost)  
  18  1:11  Probe (Chrono Boost)  
  19  1:13  Forge  
  19  1:21  Probe (Chrono Boost)  
  20  1:32  Cybernetics Core  
  20  1:35  Probe (Chrono Boost)  
  21  1:45  Probe (Chrono Boost)  
  22  1:56  Probe (Chrono Boost)  
  22  1:59  Pylon  
  22  2:00  Warp Gate  
  23  2:14  Pylon  
  23  2:15  Pylon  
  23  2:23  Photon Cannon  
  23  2:34  Stargate  
  23  2:41  Probe (Chrono Boost)  
  24  2:52  Photon Cannon  
  24  3:04  Mothership Core (Chrono Boost)  
  26  3:14  Oracle  
  29  3:24  Adept  
  31  3:38  Nexus  
  31  3:45  Pylon  
  31  3:49  Oracle  
  34  4:14  Photon Cannon  
  35  4:18  Probe (Chrono Boost)  
  35  4:21  Gateway  
  35  4:30  Probe (Chrono Boost)  
  36  4:45  Void Ray  
  40  4:59  Probe (Chrono Boost)  
  42  5:00  Probe (Chrono Boost)  
  42  5:02  Pylon  
  42  5:09  Probe (Chrono Boost)  
  42  5:12  Probe (Chrono Boost)  
  44  5:20  Probe (Chrono Boost)  
  43  5:25  Adept x2  
  48  5:30  Probe x2 (Chrono Boost)  
  48  5:34  Pylon  
  49  5:41  Probe (Chrono Boost)  
  49  5:42  Probe (Chrono Boost)  
  51  5:51  Twilight Council  
  51  5:52  Probe (Chrono Boost)  
  51  5:54  Probe (Chrono Boost)  
  53  5:57  Photon Cannon  
  53  6:02  Probe (Chrono Boost)  
  54  6:06  Probe (Chrono Boost)  
  54  6:09  Void Ray  
  59  6:22  Adept x2  
  63  6:34  Robotics Facility  
  61  6:49  Void Ray  
  61  6:51  Probe (Chrono Boost)  
  61  6:53  Probe (Chrono Boost)  
  62  6:57  Assimilator x2  
  66  7:02  Probe (Chrono Boost)  
  66  7:05  Probe (Chrono Boost)  
  68  7:12  Probe (Chrono Boost)  
  68  7:14  Protoss Air Weapons Level 1  
  69  7:20  Gateway  
  69  7:23  Probe (Chrono Boost), Gateway  
  69  7:25  Probe (Chrono Boost), Photon Cannon  
  69  7:29  Photon Cannon  
  71  7:35  Resonating Glaives  
  71  7:36  Void Ray  
  71  7:37  Probe (Chrono Boost)  
  76  7:44  Probe (Chrono Boost)  
  77  7:46  Protoss Shields Level 1  
  77  8:02  Nexus  
  77  8:13  Stargate  
  77  8:18  Pylon  
  77  8:19  Void Ray  
  81  8:29  Observer  
  81  8:32  Fleet Beacon  
  69  8:42  Adept  
  65  9:00  Adept x2  
  65  9:01  Adept  
  61  9:18  Probe (Chrono Boost)  
  61  9:20  Probe (Chrono Boost)  
  63  9:29  Probe (Chrono Boost)  
  61  9:32  Probe (Chrono Boost)  
  61  9:40  Void Ray  
  61  9:44  Probe (Chrono Boost)  
  66  9:47  Void Ray  
  66  9:57  Probe x2 (Chrono Boost)  
  72  10:06  Probe (Chrono Boost)  
  73  10:09  Probe (Chrono Boost)  
  73  10:12  Adept x2  
Tags
 
Add a new tag
Caveats
  • Supply blocks, unpowered buildings, or Contaminate may cause inaccurate times.
  • Supply counts are checked every 10 seconds.